AoeStats
← 912113973

Black Forest

510616872Analyzed
3v3 RM · 22h ago on Oct 1, 2026· 60m 20s· 6 players
Game mode
Random Map
Map size
Normal (6 player)
Population
200
Speed
Normal
Resources
Standard
Victory
Conquest
Starting age
Dark Age
Ending age
Imperial Age
RankedLock teamsTeams togetherTeam positionsShared explorationLock speedFull tech treeHidden civsTurbo modeCheats
Victory
Defeat
🇭🇰 Shu · Hong Kong SAR China
998
+16
🇷🇺 Sicilians · Russia
962
+17
🇨🇳 Bohemians · China
960
+17
🇫🇷 Berbers · France
1016
-17
🇫🇷 Japanese · France
999
-17
🇦🇷 Magyars · Argentina
965
-16
No.09
0:28 Loom
15:19 Feudal Age
15:51 Double-Bit Axe
20:19 Castle Age
19:16 Fletching
19:28 Padded Archer Armor
20:12 Gold Mining
20:03 Horse Collar
20:52 Crossbowman
21:37 Thumb Ring
23:13 Bow Saw
26:49 Wheelbarrow
27:01 Gold Shaft Mining
26:18 Stone Mining
30:29 Imperial Age
28:46 Fortified Wall
29:42 Ballistics
30:19 Bodkin Arrow
31:37 Heavy Plow
34:02 Hand Cart
36:25 Two-Man Saw
36:15 Bracer
37:34 Siege Engineers
39:03 Chemistry
38:56 Arbalester
40:12 Leather Archer Armor
41:27 Conscription
41:07 Bolt Magazine
44:49 Ring Archer Armor
58:41 Hoardings
58:31 Masonry
58:17 Murder Holes
912113973
2:38 Loom
13:46 Feudal Age
18:13 Castle Age
16:20 Double-Bit Axe
16:19 Horse Collar
19:05 Wheelbarrow
18:47 Town Watch
24:14 Heavy Plow
28:52 Chemistry
33:04 Imperial Age
30:54 Hand Cart
31:13 Ballistics
33:33 Caravan
34:35 Conscription
34:50 Murder Holes
35:05 Masonry
35:51 Bow Saw
35:33 Houfnice
36:43 Padded Archer Armor
36:11 Elite Skirmisher
38:30 Two-Man Saw
38:18 Fervor
38:31 Sanctity
38:15 Herbal Medicine
39:11 Elite Hussite Wagon
40:09 Leather Archer Armor
39:45 Fletching
54:25 Pikeman
55:07 Scale Mail Armor
55:18 Forging
58:04 Chain Mail Armor
58:25 Iron Casting
58:47 Architecture
58:51 Halberdier
Ge.Ŀiek
1:30 Loom
12:35 Feudal Age
13:02 Horse Collar
13:12 Double-Bit Axe
13:25 Stone Mining
13:29 Gold Mining
24:12 Castle Age
25:39 Bow Saw
25:32 Heavy Plow
26:42 Stone Shaft Mining
26:42 Gold Shaft Mining
31:09 Imperial Age
31:52 Wheelbarrow
32:57 Conscription
32:53 Pikeman
34:07 Crop Rotation
36:08 Elite Serjeant
36:10 Halberdier
36:57 Scale Mail Armor
37:08 Forging
36:46 Crossbowman
37:48 Hauberk
38:06 First Crusade
39:22 Chain Mail Armor
39:43 Iron Casting
45:08 Capped Ram
46:38 Siege Ram
48:40 Blast Furnace
48:11 Plate Mail Armor
49:37 Hand Cart
49:08 Town Watch
54:26 Padded Archer Armor
54:18 Fletching
Mahmoud Groschibre 1er
1:12 Loom
13:59 Feudal Age
18:56 Castle Age
19:16 Wheelbarrow
19:32 Forging
23:54 Fletching
26:03 Bodkin Arrow
27:37 Horse Collar
28:53 Double-Bit Axe
31:57 Hand Cart
32:32 Heavy Plow
32:48 Bloodlines
33:32 Gold Mining
33:37 Stone Mining
35:03 Bow Saw
35:24 Squires
38:52 Imperial Age
36:44 Scale Mail Armor
37:21 Iron Casting
37:55 Scale Barding Armor
39:29 Husbandry
38:59 Cavalier
40:05 Conscription
41:35 Gold Shaft Mining
42:10 Elite Samurai
44:20 Blast Furnace
43:37 Chain Mail Armor
44:26 Padded Archer Armor
44:28 Bracer
44:35 Elite Skirmisher
47:43 Leather Archer Armor
52:35 Ring Archer Armor
54:00 Chain Barding Armor
Homère
2:35 Loom
10:40 Feudal Age
16:20 Castle Age
15:40 Double-Bit Axe
15:37 Horse Collar
18:18 Bow Saw
18:29 Heavy Plow
28:19 Wheelbarrow
27:51 Gold Mining
32:19 Imperial Age
30:31 Forging
30:12 Fletching
30:22 Padded Archer Armor
30:23 Scale Mail Armor
30:55 Scale Barding Armor
31:09 Hand Cart
30:41 Town Watch
31:36 Caravan
32:30 Iron Casting
31:51 Bodkin Arrow
32:33 Town Patrol
34:00 Chemistry
33:21 Ballistics
32:57 Murder Holes
33:13 Masonry
33:20 Leather Archer Armor
32:50 Pikeman
33:17 Arson
34:14 Chain Mail Armor
34:22 Chain Barding Armor
34:27 Conscription
34:59 Gold Shaft Mining
34:07 Elite Skirmisher
36:10 Blast Furnace
35:13 Squires
35:27 Bloodlines
35:17 Husbandry
35:25 Husbandry
35:51 Kasbah
35:16 Crossbowman
35:33 Light Cavalry
36:10 Hussar
36:12 Heavy Camel Rider
36:39 Elite Camel Archer
37:27 Siege Engineers
39:25 Maghrebi Camels
41:11 Plate Barding Armor
40:52 Chain Mail Armor
41:07 Ring Archer Armor
40:38 Bracer
41:41 Onager
44:20 Plate Mail Armor
JuanPeron
0:26 Loom
12:50 Feudal Age
13:18 Double-Bit Axe
14:13 Wheelbarrow
13:49 Town Watch
16:39 Horse Collar
22:24 Castle Age
21:23 Scale Barding Armor
21:09 Fletching
22:15 Bloodlines
23:28 Gold Mining
24:38 Husbandry
28:19 Bow Saw
29:19 Heavy Plow
32:07 Hand Cart
37:00 Imperial Age
35:36 Chain Barding Armor
35:19 Bodkin Arrow
36:25 Ballistics
36:01 Murder Holes
38:11 Gold Shaft Mining
38:45 Chemistry
37:15 Cavalier
38:35 Plate Barding Armor
38:54 Light Cavalry
39:07 Paladin
Connection lost

Rejoining the realm…

Still unreachable

The connection could not be restored.

Session expired

The server has moved on; the page needs a fresh start.